 Dungeon Crawl Stone Soup version 0.21-a0-516-gaaff437 (webtiles) character file.

666 chad2badd the Sneak (level 7, -2/99 HPs)
             Began as a Naga Hunter on Dec 3, 2017.
             Was an Initiate of Dithmenos.
             Slain by Menkaure (3 damage)
             ... on level 4 of the Dungeon.
             The game lasted 00:14:46 (7402 turns).

chad2badd the Sneak (Naga Hunter)                   Turns: 7402, Time: 00:14:47

Health: -2/99      AC: 23    Str: 16    XL:     7   Next: 57%
Magic:  7/7        EV:  1    Int: 11    God:    Dithmenos [......]
Gold:   193        SH:  0    Dex: 12    Spells: 6/6 levels left

rFire    . . .     SeeInvis +   s - +0 quarterstaff
rCold    + . .     Gourm    .   (shield currently unavailable)
rNeg     + + +     Faith    .   (armour currently unavailable)
rPois    +         Spirit   .   (helmet currently unavailable)
rElec    .         Reflect  .   (cloak currently unavailable)
rCorr    .         Harm     .   (gloves currently unavailable)
MR       .....     NoTele   +   (no barding)
Stlth    ++++......             (no amulet)
HPRegen  0.26/turn              p - ring of protection from cold
MPRegen  0.10/turn              (no ring)

@: tree-form
A: large, see invisible, slow metabolism 1, spit poison 1, AC +2
a: Spit Poison, Renounce Religion


You were on level 4 of the Dungeon.
You worshipped Dithmenos.
Dithmenos was noncommittal.
You were not hungry.
You were a tree.
You visited 1 branch of the dungeon, and saw 5 of its levels.

You collected 193 gold pieces.

Inventory:

Hand Weapons
 a - a +1 shortbow
 b - a +0 short sword
 s - a +0 quarterstaff (weapon)
 G - a +0 flail of protection
Missiles
 d - 35 arrows
 k - 46 poisoned needles
 q - 49 sling bullets
 w - 94 stones (quivered)
Armour
 c - a +0 leather armour
 o - a +0 leather armour of poison resistance (melded)
 v - a +0 scale mail
 y - a +0 helmet (melded)
 D - a +2 buckler
Jewellery
 m - an uncursed ring of ice
 p - a ring of protection from cold (left branch)
 E - an uncursed ring of poison resistance
 F - an uncursed ring of fire
Scrolls
 e - a scroll of identify
 x - 2 scrolls of amnesia
 A - a scroll of enchant weapon {unknown}
Potions
 i - a potion of haste {unknown}
 n - 2 potions of degeneration
 r - a potion of flight {unknown}
 t - a potion of magic
 u - a potion of lignification
Books
 g - a book of Misfortune

   Spells                             Type                      Level
   a - Confusing Touch                Hexes                        1
   b - Confuse                        Hexes                        3
   c - Gell's Gravitas                Translocation                3
   d - Petrify                        Transmutation/Earth          4
   e - Metabolic Englaciation         Hexes/Ice                    5
   f - Yara's Violent Unravelling     Hexes/Transmutation          5
Comestibles
 f - a bread ration
 h - 2 chunks of flesh
 j - 4 fruits
 l - 2 royal jellies
 z - 3 meat rations


   Skills:
 + Level 4.7 Fighting
 - Level 2.7 Short Blades
 + Level 3.0 Staves
 - Level 3.6 Bows
 - Level 1.5 Dodging
 + Level 7.8 Stealth


You had 6 spell levels left.
You didn't know any spells.

Dungeon Overview and Level Annotations

Branches:
Dungeon (5/15)
 Temple: D:4-7

Altars:
Ashenzari
Dithmenos
Fedhas
Nemelex Xobeh

Annotations:
D:4 Menkaure


Innate Abilities, Weirdness & Mutations

You cannot wear boots.
((Your serpentine skin is tough. (AC +2)))
You have supernaturally acute eyesight. (SInv)
((Armour fits poorly on your strangely shaped body.))
((Your system is resistant to poisons. (rPois)))
((You cover ground very slowly.))
You have a slow metabolism.
You can spit poison.


Message History

There is a stone staircase leading down here.
Unknown command.
Unknown command.
Okay, then.
Unknown command.
You turn into a tree.
Your +0 helmet melds into your body.
Your +0 leather armour of poison resistance melds into your body.
Your roots penetrate the ground.
Menkaure hits you but does no damage.
You barely miss Menkaure.
Menkaure is severely damaged.
Menkaure hits you but does no damage.
You hit Menkaure.
Menkaure is almost destroyed.
Menkaure hits you but does no damage. Menkaure hits you.
* * * LOW HITPOINT WARNING * * *
Unknown command.
You completely miss Menkaure.
Menkaure is almost destroyed.
Menkaure hits you.
You die...

#..###.......##....## #######.
##.# #.....)..#....# ##...##..
#.###.........#..## ##....##.#
#..###.........### #......#.#
##.# #..........# #........#
##.###..........## ##........#
##...##...........## #.........#
.....##............####.........#
...##..#........♣...##..........#
######....[....M.....##..........
##...............###........
##...............##........
##......[..........####...
##..............### ####
##.............###
##..#######.......# ##))##
###....##


You could see Menkaure.

Vanquished Creatures
  An ogre (D:4)
  3 scorpions (D:4)
  A howler monkey (D:4)
  An orc priest (D:3)
  A bullfrog skeleton (D:4)
  An orc wizard (D:4)
  A worker ant (D:4)
  3 gnolls (D:2)
  10 adders
  4 oozes
  2 worms
  5 dart slugs
  2 leopard geckos
  18 orcs
  6 giant cockroaches
  13 goblins
  10 hobgoblins
  11 jackals
  A quokka (D:4)
  2 ball pythons
  10 bats
  5 frilled lizards
  2 kobolds (D:1)
  6 rats
119 creatures vanquished.

Notes
Turn   | Place    | Note
-------+----------+-------------------------------------------
     0 | D:1      | chad2badd the Naga Hunter began the quest for the Orb.
     0 | D:1      | Reached XP level 1. HP: 19/19 MP: 1/1
    71 | D:1      | Reached skill level 2 in Stealth
   113 | D:1      | Found a shattered altar of Ashenzari.
   299 | D:1      | Reached skill level 1 in Short Blades
   299 | D:1      | Reached XP level 2. HP: 12/26 MP: 2/2
   425 | D:1      | Reached skill level 3 in Stealth
   690 | D:1      | Reached XP level 3. HP: 20/32 MP: 3/3
  1842 | D:2      | Found a sparkling altar of Nemelex Xobeh.
  1856 | D:2      | Reached skill level 4 in Stealth
  1918 | D:2      | Reached XP level 4. HP: 17/39 MP: 4/4
  2764 | D:2      | Reached XP level 5. HP: 33/46 MP: 5/5
  3189 | D:2      | Found a blossoming altar of Fedhas.
  3729 | D:3      | Reached skill level 5 in Stealth
  4312 | D:3      | Found a shattered altar of Ashenzari.
  4312 | D:3      | Found a shadowy altar of Dithmenos.
  4662 | D:3      | Became a worshipper of Dithmenos the Shadowed
  4815 | D:3      | Reached skill level 6 in Stealth
  4842 | D:3      | Reached XP level 6. HP: 53/56 MP: 6/6
  5032 | D:4      | Reached skill level 1 in Staves
  5909 | D:4      | Reached skill level 7 in Stealth
  5909 | D:4      | Reached XP level 7. HP: 54/64 MP: 7/7
  7352 | D:5      | Entered Level 5 of the Dungeon
  7389 | D:5      | Noticed Menkaure
  7401 | D:4      | HP: 1/99 [Menkaure (6)]
  7402 | D:4      | Slain by Menkaure

Vault maps used:
D:1:      onia_arrival_mini_spirals, ashenzari_altar_1
D:2:      nemelex_xobeh_ov_fountains_minmay, fedhas_altar_4
D:3:      gammafunk_temple_overflow_elements, st_stairs_12,
          minmay_joined_circles
D:4:      first_bread
D:5:      grunt_temple_overflow_open, uniq_menkaure

Skill      XL: |  1  2  3  4  5  6  7 |
---------------+----------------------+-----
Stealth        | 2 3 4 6 7 |  7.8
Short Blades   | 1 2 |  2.7
Fighting       | 3 4 |  4.7
Staves         | 2 3 |  3.0
Bows           | |  3.6
Dodging        | |  1.5

Action                   |  1- 3 |  4- 6 |  7- 9 || total
-------------------------+-------+-------+-------++-------
Melee: Short sword       |    95 |    33 |       ||   128
       Quarterstaff      |       |   114 |    78 ||   192
 Fire: Shortbow          |    14 |    27 |    13 ||    54
Throw: Stone             |       |     1 |       ||     1
 Abil: Spit Poison       |    15 |    29 |    11 ||    55
  Use: Potion            |     1 |     2 |     4 ||     7
       Scroll            |       |    14 |     1 ||    15
 Stab: Sleeping          |     4 |     5 |     1 ||    10
  Eat: Chunk             |     3 |     9 |     2 ||    14
       Bread ration      |       |     1 |       ||     1
Armor: Leather armour    |    29 |    75 |    27 ||   131
       Skin              |       |       |     3 ||     3
Dodge: Dodged            |    60 |   117 |    46 ||   223

Table legend:
 A = Spawn XP
 B = Non-spawn XP
 C = Spawn XP percentage of total XP
 D = Spawn monster count
 E = Non-spawn monster count
 F = Spawn count percentage of total count
 G = Total turns spent on level
                    A         B        C        D         E        F      G
               +---------+---------+-------+---------+---------+-------+---------
         Total |       0 |     952 |   0.0 |       0 |     119 |   0.0 |  7402
               +---------+---------+-------+---------+---------+-------+---------
           D:1 |       0 |      54 |   0.0 |       0 |      26 |   0.0 |  1644
           D:2 |       0 |     119 |   0.0 |       0 |      24 |   0.0 |  1749
           D:3 |       0 |     183 |   0.0 |       0 |      37 |   0.0 |  1621
           D:4 |       0 |     596 |   0.0 |       0 |      32 |   0.0 |  2377
               +---------+---------+-------+---------+---------+-------+---------
